 Dungeon Crawl Stone Soup version 0.29.1-1-gd02db6906a (webtiles) character file.

Game seed: 6979049091506522146

1864 safid the Skirmisher (level 8, 0/63 HPs)
             Began as a Minotaur Hunter on Oct 20, 2022.
             Was a Believer of Okawaru.
             Slain by Maggie
             ... wielding a +3 vorpal long sword
              (1 damage)
             ... on level 6 of the Dungeon.
             The game lasted 00:10:33 (5231 turns).

safid the Skirmisher (Minotaur Hunter)              Turns: 5231, Time: 00:10:35

Health: 0/63       AC:  6    Str: 17    XL:     8   Next: 90%
Magic:  11/11      EV: 11    Int:  6    God:    Okawaru [**....]
Gold:   343        SH:  0    Dex: 15    Spells: 7/7 levels left

rFire   . . .      SeeInvis .   a - +0 shortbow
rCold   . . .      Faith    .   (shield currently unavailable)
rNeg    . . .      Spirit   .   m - +0 ring mail
rPois   .          Reflect  .   (helmet restricted)
rElec   .          Harm     .   (no cloak)
rCorr   .          Rampage  .   e - +0 pair of gloves
Will    .....                   (no boots)
Stlth   +.........              g - amulet of regeneration
HPRegen 1.00/turn               s - ring of flight
MPRegen 0.12/turn               (no ring)

@: flying, mesmerised, invisible
A: horns 2, retaliatory headbutt
a: Renounce Religion, Heroism


You were on level 6 of the Dungeon.
You worshipped Okawaru.
Okawaru was pleased with you.
You visited 2 branches of the dungeon, and saw 7 of its levels.
You also visited: Ossuary.

You collected 343 gold pieces.

Inventory:

Hand Weapons
 a - a +0 shortbow (weapon)
Missiles
 u - a throwing net
Armour
 c - a +0 leather armour
 e - a +0 pair of gloves (worn)
 m - a +0 ring mail (worn)
Jewellery
 g - an amulet of regeneration (around neck)
 s - a ring of flight (left hand)
Wands
 v - a wand of paralysis (10)
 w - a wand of iceblast (5)
Scrolls
 d - 2 scrolls of enchant weapon {unknown}
 h - 2 scrolls of noise
 i - 3 scrolls of amnesia
 j - 2 scrolls of brand weapon {unknown}
 l - 2 scrolls of enchant armour {unknown}
 n - 3 scrolls of teleportation
 q - 2 scrolls of summoning {unknown}
 x - a scroll of magic mapping {unknown}
 y - 2 scrolls of vulnerability {unknown}
 A - a scroll of identify
 D - 2 scrolls of fear {unknown}
 E - 2 scrolls of fog {unknown}
Potions
 b - 2 potions of haste {unknown}
 f - 2 potions of brilliance {unknown}
 k - 2 potions of attraction {unknown}
 o - 3 potions of heal wounds {unknown}
 p - 3 potions of invisibility
 r - 3 potions of curing {unknown}
 t - 3 potions of degeneration {unknown}
 z - a potion of lignification {unknown}
 B - a potion of might {unknown}
 C - 3 potions of cancellation {unknown}
 F - 2 potions of mutation {unknown}


   Skills:
 - Level 3.0 Fighting
 + Level 11.1 Ranged Weapons
 - Level 2.1 Dodging
 - Level 0.7 Stealth
 + Level 6.5 Invocations


You had 7 spell levels left.
You didn't know any spells.
Your spell library contained the following spells:

 Spells                   Type           Power      Damage    Failure   Level
 Apportation              Tloc           0%         N/A       67%         1
 Necrotise                Necr           0%         1d4       67%         1
 Summon Small Mammal      Summ           Unusable   N/A       N/A         1

Dungeon Overview and Level Annotations

Branches:
Dungeon (6/15)             Temple (1/1) D:4         Ossuary (visited)

Altars:
Dithmenos
Elyvilon
Fedhas
Hepliaklqana
Kikubaaqudgha
Makhleb
Nemelex Xobeh
Okawaru
Qazlal
Ru
Sif Muna
Trog
Uskayaw
Vehumet
Wu Jian
Xom
Yredelemnul
Zin

Annotations:
D:3 1 runed translucent door, Crazy Yiuf
D:6 Maggie


Innate Abilities, Weirdness & Mutations

You have a pair of horns on your head.
You reflexively headbutt those who attack you in melee.


Message History

The bolt of fire hits you!!
You shoot an arrow. The arrow barely misses Maggie.
An orc comes into view. It is wielding a +0 club.
You shoot an arrow. The arrow hits Maggie.
Maggie is heavily wounded.
You shoot an arrow.
The arrow hits Maggie but does no damage.
Maggie is heavily wounded.
You shoot an arrow.
The arrow hits Maggie but does no damage.
Maggie is heavily wounded.
An orc comes into view.
It is wielding a +1 short sword of draining.
Maggie completely misses you.
You shoot an arrow.
The arrow hits Maggie but does no damage.
Maggie is heavily wounded.
Maggie hits you with a +3 vorpal long sword.
You shoot an arrow. The arrow hits Maggie.
Maggie is heavily wounded.
An orc comes into view. It is wielding a +0 short sword.
Maggie barely misses you.
You shoot an arrow. The arrow hits Maggie!
Maggie is heavily wounded.
Maggie barely misses you. You furiously retaliate!
You headbutt Maggie. The orc misses you.
You shoot an arrow. The arrow hits Maggie!
Maggie is severely wounded.
Maggie casts a spell at you. The bolt of fire hits you!!
* * * LOW HITPOINT WARNING * * *
You are too injured to fight recklessly!
Unknown command.
You cannot move away from Maggie!
It was a potion of invisibility.
You fade into invisibility!
The orc hits you with a +0 club.
* * * LOW HITPOINT WARNING * * *
Maggie hits you with a +3 vorpal long sword!
* * * LOW HITPOINT WARNING * * *
You die...

####.##.#
#@@.o....
#.....oo..##.#
#.####.####
#.# #.# #.#
#.. ###


You could see Maggie (mesmerising, unable to see you) and 3 orcs.

Vanquished Creatures
  A water moccasin (D:5)
  An ice beast (D:5)
  A black bear (D:5)
  9 scorpions
  3 centaur zombies (Ossuary)
  5 human zombies
  A jelly (D:5)
  5 orc priests
  2 hounds (D:5)
  A human skeleton (D:5)
  3 iguanas
  Terence (D:3)
  5 scorpion zombies (Ossuary)
  3 orc wizards
  3 mummies (Ossuary)
  7 adders
  5 worms
  2 dart slugs
  13 orcs
  6 ball pythons
  7 endoplasms
  10 giant cockroaches
  13 goblins
  3 hobgoblins
  4 jackals (D:5)
  6 quokkas (D:5)
  3 bats
  3 frilled lizards (D:2)
  2 gnoll zombies (Ossuary)
  3 goblin zombies (Ossuary)
  4 hobgoblin zombies (Ossuary)
  6 kobolds
  A kobold zombie (Ossuary)
  An orc skeleton (D:5)
  An orc zombie (Ossuary)
  4 rats
148 creatures vanquished.

Notes
Turn   | Place    | Note
-------+----------+-------------------------------------------
     0 | D:1      | safid the Minotaur Hunter began the quest for the Orb.
     0 | D:1      | Reached XP level 1. HP: 18/18 MP: 0/0
    77 | D:1      | Found a faded altar of an unknown god.
   195 | D:1      | Reached XP level 2. HP: 25/25 MP: 1/1
  1035 | D:2      | Reached skill level 5 in Ranged Weapons
  1040 | D:2      | Reached XP level 3. HP: 29/31 MP: 2/2
  1237 | D:2      | Found a sacrificial altar of Ru.
  1573 | D:2      | Reached skill level 6 in Ranged Weapons
  1573 | D:2      | Reached XP level 4. HP: 30/38 MP: 3/3
  1992 | D:3      | Reached XP level 5. HP: 35/45 MP: 4/4
  1995 | D:3      | Reached skill level 7 in Ranged Weapons
  2205 | D:3      | Noticed Terence
  2213 | D:3      | Killed Terence
  2318 | D:3      | Found a runed translucent door.
  2319 | D:3      | Noticed Crazy Yiuf
  2466 | D:3      | Found an ancient bone altar of Kikubaaqudgha.
  2467 | D:3      | Found a shadowy altar of Dithmenos.
  3074 | D:4      | Found a staircase to the Ecumenical Temple.
  3089 | D:4      | Reached XP level 6. HP: 17/51 MP: 5/5
  3101 | D:4      | Reached skill level 8 in Ranged Weapons
  3144 | Temple   | Entered the Ecumenical Temple
  3144 | Temple   | Found a transporter.
  3144 | Temple   | Found a transporter.
  3146 | Temple   | Found a transporter.
  3146 | Temple   | Found a transporter.
  3176 | Temple   | Became a worshipper of Warmaster Okawaru
  3310 | D:4      | Found a shimmering altar of Xom.
  3781 | D:4      | Found a basalt altar of Yredelemnul.
  3978 | D:5      | Entered Level 5 of the Dungeon
  4005 | D:5      | Reached skill level 1 in Invocations
  4060 | D:5      | Reached XP level 7. HP: 27/57 MP: 7/7
  4084 | D:5      | Reached skill level 9 in Ranged Weapons
  4144 | D:5      | Found a sand-covered staircase.
  4159 | Ossuary  | Entered an ossuary
  4270 | Ossuary  | Reached * piety under Okawaru
  4301 | Ossuary  | Reached XP level 8. HP: 55/63 MP: 10/10
  4355 | Ossuary  | Reached skill level 10 in Ranged Weapons
  4411 | Ossuary  | Reached skill level 5 in Invocations
  4470 | Ossuary  | Reached ** piety under Okawaru
  4643 | D:5      | Found a glowing drain.
  5002 | D:5      | Reached skill level 11 in Ranged Weapons
  5216 | D:6      | Noticed Maggie
  5231 | D:6      | HP: 1/63 [Maggie/+3 vorpal long sword (10)]
  5231 | D:6      | Slain by Maggie

Illustrated notes

Levels and vault maps discovered:
D:1:      zaba_arrival_water, layout_basic, basic_ecumenical_altar,
          minmay_misc_feat_pillars, minmay_door_square, minmay_surrounded
D:2:      layout_loops_corners, basic_altar
D:3:      minmay_razor_zed, layout_basic, nicolae_overflow_two_pavilions,
          kennysheep_generic_room_6, uniq_terence, uniq_crazy_yiuf_cottage
D:4:      layout_basic, marbit_many_paths, yredelemnul_altar_generic,
          minmay_temple_entry_stoned_glass, hangedman_decor_growths
D:5:      layout_cave_pools, nicolae_ossuary_entry_catacombs,
          gup_sewer_entry_pipe, chequers_serial_rivers_marsh
D:6:      layout_loops_ring, hangedman_ru_absence, uniq_pikel, uniq_maggie
Temple:   hellmonk_temple_divided_pantheon

Skill      XL: |  1  2  3  4  5  6  7  8 |
---------------+-------------------------+-----
Fighting       | 3 |  3.0
Ranged Weapons | 5 6 7 8 9 11 | 11.1
Invocations    | 2 4 6 |  6.5
Dodging        | |  2.1
Stealth        | |  0.7

Action                   |  1- 3 |  4- 6 |  7- 9 || total
-------------------------+-------+-------+-------++-------
Melee: Shortbow          |       |       |     1 ||     1
 Fire: Shortbow          |    85 |   176 |   364 ||   625
  Use: Scroll            |       |     3 |       ||     3
       Potion            |       |       |     1 ||     1
Armor: Leather armour    |     6 |       |       ||     6
       Ring mail         |     6 |    21 |   111 ||   138
Dodge: Dodged            |    17 |    51 |   122 ||   190
